Map: Dusk Towers

Players

Joneahboii

  • Race: Zerg Zerg
  • League: Master

BunnyWillis - Winner!

  • Race: Terran Terran
  • League: Grandmaster

VOD

Have the link to the VOD?

Description

Time

  • Played on: Nov. 23, 2015, 3:22 a.m.
  • Length: 21:14
Show
View Real Time Build Order
Export as new Build Order

Joneahboii Zerg 

Build Orders: Hatch First, Muta Ling Bane 

Get SALT Encoding   

  12  0:01  Drone  
  13  0:12  Overlord  
  13  0:17  Drone  
  14  0:31  Drone x2  
  14  0:35  Drone  
  17  0:53  Hatchery  
  17  0:56  Drone  
  17  0:59  Drone  
  17  1:02  Extractor  
  17  1:08  Drone  
  18  1:19  Spawning Pool  
  18  1:21  Drone  
  18  1:28  Drone  
  19  1:38  Overlord  
  19  1:49  Drone  
  20  2:00  Drone  
  21  2:06  Metabolic Boost, Queen x2  
  25  2:09  Drone  
  25  2:12  Drone  
  27  2:31  Zergling x2  
  27  2:32  Hatchery  
  27  2:33  Drone  
  28  2:39  Drone x2  
  28  2:40  Drone  
  31  2:44  Overlord  
  31  2:48  Drone  
  32  2:53  Queen  
  34  3:00  Overlord  
  34  3:01  Drone  
  35  3:06  Drone  
  35  3:09  Overlord  
  36  3:17  Queen  
  36  3:19  Drone x3  
  41  3:21  Drone  
  41  3:22  Drone  
  41  3:25  Drone, Extractor  
  43  3:27  Drone  
  43  3:33  Drone  
  45  3:37  Overlord  
  45  3:38  Drone  
  46  3:46  Drone  
  46  3:47  Roach Warren  
  46  3:49  Drone x2  
  46  3:50  Drone  
  49  3:58  Queen  
  49  4:00  Drone x2  
  49  4:01  Drone x2  
  55  4:09  Evolution Chamber  
  54  4:10  Evolution Chamber  
  54  4:12  Drone x4  
  57  4:24  Overlord  
  57  4:30  Overlord  
  57  4:37  Zerg Ground Armor Level 1, Zerg Melee Weapons Level 1  
  57  4:39  Drone  
  57  4:40  Drone x2  
  57  4:41  Drone x3, Extractor  
  57  4:43  Spore Crawler  
  57  4:45  Drone  
  62  4:46  Spore Crawler  
  62  4:47  Drone  
  62  4:48  Roach x2  
  66  4:54  Roach x2  
  66  4:59  Drone  
  71  5:01  Drone, Extractor  
  71  5:03  Lair  
  71  5:07  Overlord  
  71  5:10  Overlord  
  70  5:16  Overlord  
  70  5:17  Roach x2  
  70  5:19  Drone x2  
  76  5:22  Spore Crawler  
  76  5:24  Drone x5  
  76  5:27  Overlord  
  80  5:37  Drone, Spore Crawler  
  80  5:38  Drone  
  80  5:40  Drone  
  80  5:42  Hatchery  
  81  5:43  Zergling x2  
  81  5:44  Zergling x4  
  81  5:47  Ravager  
  81  5:48  Ravager x4  
  89  5:54  Overlord  
  89  5:55  Spine Crawler  
  89  5:56  Zergling x2  
  90  5:57  Spine Crawler, Zergling x2  
  90  5:59  Roach  
  90  6:02  Roach  
  90  6:03  Roach  
  95  6:06  Overlord  
  95  6:09  Overlord  
  95  6:11  Overlord  
  92  6:13  Overlord  
  92  6:17  Roach x3  
  87  6:20  Roach  
  89  6:26  Roach x2  
  89  6:29  Roach  
  89  6:31  Roach  
  97  6:34  Queen  
  97  6:37  Roach  
  101  6:40  Glial Reconstitution  
  101  6:43  Drone x2  
  103  6:48  Zerg Melee Weapons Level 2  
  103  6:56  Zergling x16  
  103  7:00  Overlord  
  111  7:03  Overseer  
  111  7:05  Zerg Ground Armor Level 2  
  111  7:07  Zergling x2  
  112  7:10  Overlord  
  112  7:14  Overlord  
  109  7:16  Overlord  
  109  7:17  Overlord  
  109  7:20  Overlord  
  109  7:23  Overlord  
  109  7:25  Roach x3  
  112  7:31  Overlord  
  112  7:34  Spire  
  112  7:36  Drone  
  110  7:37  Drone x2, Extractor x2  
  110  7:47  Hatchery  
  109  7:55  Baneling Nest  
  109  7:57  Overlord  
  108  8:04  Drone x8  
  108  8:05  Drone x3  
  118  8:13  Infestation Pit  
  118  8:19  Pneumatized Carapace  
  117  8:23  Roach  
  117  8:24  Roach x6  
  117  8:26  Overlord  
  131  8:38  Overlord  
  131  8:50  Centrifical Hooks  
  131  8:52  Zerg Flyer Weapons Level 1  
  131  8:55  Extractor x2  
  130  8:56  Mutalisk  
  130  8:57  Mutalisk x3  
  133  9:05  Overlord  
  133  9:13  Overlord  
  130  9:19  Mutalisk x2  
  130  9:23  Extractor  
  133  9:26  Drone  
  133  9:27  Drone x6  
  140  9:31  Drone x4  
  140  9:32  Drone, Queen  
  147  9:41  Hive  
  147  9:42  Hatchery, Zergling x16  
  154  9:54  Hatchery  
  153  10:02  Baneling x6  
  153  10:03  Overlord  
  153  10:07  Baneling x2  
  153  10:08  Zergling x2, Baneling  
  153  10:09  Zergling x16  
  153  10:11  Overlord  
  162  10:16  Overlord  
  160  10:30  Overlord  
  160  10:41  Drone x3  
  163  10:44  Mutalisk x6  
  163  10:45  Mutalisk x3  
  181  10:50  Spine Crawler  
  181  10:52  Extractor  
  181  10:54  Drone x4  
  181  10:55  Overlord  
  181  10:56  Extractor  
  168  11:10  Roach  
  168  11:11  Roach x7  
  160  11:29  Ultralisk Cavern  
  159  11:33  Drone x3  
  159  11:34  Drone  
  163  11:47  Zergling x2  
  163  11:48  Zergling x22  
  175  11:54  Zerg Melee Weapons Level 3  
  175  11:55  Zerg Ground Armor Level 3  
  175  12:02  Overlord  
  175  12:04  Drone x4  
  175  12:05  Drone  
  177  12:15  Overlord  
  177  12:22  Baneling x5  
  177  12:24  Chitinous Plating  
  177  12:27  Ultralisk  
  183  12:31  Drone x3  
  183  12:36  Overlord  
  184  12:42  Ultralisk  
  184  12:44  Zergling x22  
  189  12:47  Extractor  
  198  13:05  Overseer  
  198  13:06  Overseer  
  192  13:18  Baneling  
  192  13:19  Ultralisk, Baneling x2  
  193  13:30  Overlord  
  162  13:44  Ultralisk x4  
  182  13:53  Zergling x2  
  182  13:54  Zergling x26  
  169  13:58  Zergling x2  
  124  14:17  Ultralisk x3  
  141  14:35  Baneling x5  
  141  14:36  Baneling x2  
  141  14:37  Hatchery  
  137  14:46  Ultralisk  
  139  15:01  Ultralisk  
  139  15:07  Corruptor  
  139  15:08  Corruptor  
  139  15:10  Zergling x18  
  139  15:13  Zergling x2  
  139  15:14  Zergling x2  
  154  15:18  Zergling x2  
  151  15:21  Corruptor  
  138  15:42  Spawning Pool  
  119  16:37  Lair  
  117  16:53  Hatchery  
  115  17:03  Queen  
  117  17:36  Baneling Nest  
  116  17:39  Hydralisk Den  
  104  18:11  Hydralisk  
  104  18:12  Hydralisk x15  
  126  18:15  Hatchery  
  118  18:33  Hydralisk x13  
  125  18:38  Drone x8  
  141  18:54  Overseer  
  141  19:08  Drone x2  
  143  19:14  Overseer  
  107  19:47  Hydralisk x5  
  101  19:56  Hydralisk  
  71  20:24  Extractor  
  68  20:31  Spawning Pool  
  68  20:33  Hydralisk x4  
Show
View Real Time Build Order
Export as new Build Order

BunnyWillis Terran - Winner!

Build Orders: Command Center First (CC), Bio Mine 

Get SALT Encoding   

  12  0:01  SCV  
  13  0:13  SCV  
  14  0:21  Supply Depot  
  14  0:25  SCV  
  15  0:43  SCV  
  16  0:56  Command Center  
  16  1:00  SCV  
  17  1:11  Barracks  
  17  1:14  SCV  
  18  1:20  Refinery  
  18  1:27  SCV  
  19  1:39  SCV  
  20  1:51  SCV  
  21  1:58  Marine  
  22  2:04  Orbital Command  
  22  2:09  Orbital Command  
  22  2:13  Supply Depot  
  22  2:16  Marine  
  22  2:21  Factory  
  23  2:30  SCV  
  23  2:35  SCV  
  25  2:41  Barracks Reactor  
  25  2:42  SCV  
  26  2:47  SCV  
  27  2:54  SCV  
  27  2:56  Barracks  
  27  2:57  Barracks  
  27  2:59  SCV  
  28  3:06  SCV  
  28  3:11  SCV  
  30  3:16  Refinery  
  30  3:19  SCV  
  31  3:23  SCV  
  31  3:24  Hellion x2  
  31  3:25  Barracks Tech Lab  
  36  3:31  SCV  
  37  3:35  SCV  
  38  3:43  SCV  
  38  3:46  Barracks Reactor, Hellion x2  
  38  3:48  Stimpack, Marine  
  44  3:51  SCV  
  44  3:53  Supply Depot  
  44  3:54  Supply Depot  
  44  3:55  SCV, Barracks Reactor  
  46  3:56  Supply Depot  
  46  4:14  Armory  
  46  4:15  SCV x2, Hellion x2, Marine  
  53  4:18  Supply Depot  
  53  4:24  Marine x2  
  53  4:27  SCV x2  
  57  4:33  Marine x3  
  57  4:37  Hellion  
  62  4:42  Marine x2  
  62  4:43  SCV x2, Hellion  
  68  4:50  Marine  
  69  4:55  SCV x2  
  69  4:59  Supply Depot x2, Hellion  
  73  5:00  Marine  
  73  5:01  Marine x2  
  73  5:04  Hellion  
  78  5:08  Supply Depot  
  78  5:20  Marine x4  
  78  5:21  SCV x2, Marauder  
  85  5:27  Widow Mine x2  
  90  5:34  Starport  
  90  5:35  Supply Depot x2  
  90  5:37  Engineering Bay  
  90  5:38  Marine  
  90  5:40  Marine x3  
  94  5:43  Marauder  
  94  5:45  Refinery  
  96  5:50  Combat Shields  
  96  5:56  Marine  
  97  5:58  Marine x3  
  97  6:03  Refinery  
  97  6:04  Terran Infantry Weapons Level 1, Marauder  
  100  6:10  Factory Reactor  
  100  6:14  Marine  
  97  6:18  Marine  
  97  6:19  Marine x2  
  97  6:25  Marine  
  101  6:31  Marine  
  87  6:35  Command Center  
  87  6:36  Marine x2  
  75  6:43  Medivac x2  
  75  6:46  Marine  
  81  6:48  Widow Mine x2, Marauder  
  81  6:49  Marine  
  87  6:54  Marine  
  87  6:59  Marine  
  87  7:00  SCV x2  
  91  7:03  Marine  
  91  7:07  Marine  
  93  7:12  Marine x2  
  93  7:14  Medivac x2  
  99  7:16  Marine  
  99  7:22  Marine  
  99  7:27  Concussive Shells  
  79  7:30  Marauder  
  79  7:34  SCV x2  
  81  7:43  Marine x4  
  81  7:44  Medivac x2  
  87  7:45  Barracks x2  
  87  7:46  Widow Mine  
  91  7:52  Marauder  
  91  7:57  Widow Mine  
  95  8:03  SCV x2  
  97  8:14  Medivac x2  
  97  8:15  Marine x2  
  103  8:20  Marine x3  
  103  8:26  Orbital Command  
  106  8:33  Marine  
  106  8:34  Terran Infantry Weapons Level 2  
  107  8:35  Marine  
  107  8:37  Engineering Bay  
  105  8:46  Barracks Reactor x2  
  105  8:47  Marine  
  105  8:48  Marine  
  105  8:57  Marine x3  
  105  8:59  Widow Mine x2  
  105  9:00  Medivac x2  
  116  9:05  Marine  
  115  9:10  Terran Infantry Armor Level 1  
  115  9:15  Marauder  
  108  9:17  Marine x3  
  108  9:23  Marine  
  112  9:29  SCV x2  
  112  9:30  Marine x3  
  112  9:31  Widow Mine x2, Marine  
  113  9:32  Medivac x2  
  113  9:34  Marine  
  113  9:35  Missile Turret  
  113  9:37  Marauder  
  124  9:40  Missile Turret  
  124  9:42  Missile Turret  
  124  9:48  Marine x4  
  124  9:51  Marine x3  
  124  9:52  Refinery, Marine  
  131  9:53  Factory  
  132  10:06  Marine  
  133  10:09  Marine, Widow Mine x2  
  133  10:10  Marauder  
  140  10:19  Marine x3  
  141  10:31  Marauder  
  141  10:32  Marine x5  
  143  10:37  Marine  
  143  10:41  Marine x2  
  144  10:50  Marine x2  
  144  10:52  Marauder  
  144  10:55  Terran Infantry Weapons Level 3  
  148  11:01  Marine x2  
  145  11:05  Terran Infantry Armor Level 2  
  145  11:07  Marine x4  
  145  11:08  Marine x2  
  141  11:14  Marauder  
  141  11:18  Marine, Widow Mine x2  
  142  11:19  Medivac x2, Marine  
  142  11:20  Factory Tech Lab  
  142  11:23  Command Center  
  142  11:25  Marine x5  
  151  11:26  Marine  
  150  11:35  Marauder  
  150  11:36  Marine x2  
  144  11:40  Thor, Drilling Claws  
  144  11:43  Marine x2  
  144  11:45  Marine x2  
  144  11:46  Widow Mine, Marine  
  144  11:47  Widow Mine  
  153  11:52  Supply Depot  
  153  11:54  Supply Depot  
  157  11:56  Medivac x2  
  160  12:12  Marine x4  
  160  12:13  Marine x3  
  160  12:14  Marauder  
  160  12:15  Widow Mine x2  
  169  12:22  Widow Mine  
  171  12:27  Marine  
  174  12:30  Marine x3  
  174  12:37  Marine x4  
  175  12:38  Marine  
  175  12:43  Widow Mine  
  176  12:45  Marine  
  176  12:48  Marine x3  
  176  12:49  Barracks  
  176  12:51  Barracks  
  182  12:54  Marine  
  182  12:56  Marauder  
  185  13:05  Marine x3  
  186  13:06  Marine x2  
  188  13:14  Marine x3  
  188  13:17  Marauder  
  193  13:23  Marine x4  
  193  13:24  Marine  
  198  13:31  Widow Mine  
  198  13:32  Marine x3  
  190  13:35  Planetary Fortress  
  190  13:39  Marauder, Orbital Command  
  190  13:41  Marine x2  
  180  13:44  Widow Mine  
  170  13:53  SCV x2  
  152  13:58  Liberator  
  152  14:00  Marauder  
  146  14:05  SCV x3  
  146  14:09  Marine x2  
  152  14:17  SCV x2  
  152  14:20  Liberator  
  152  14:21  Marauder  
  156  14:30  Terran Infantry Armor Level 3  
  156  14:31  Marine  
  156  14:32  Marine x4  
  164  14:40  Liberator  
  164  14:41  Marine x3  
  165  14:51  Marauder  
  165  14:53  Marine x2  
  165  14:54  Marine  
  162  15:01  Marine x3  
  162  15:02  Liberator  
  142  15:12  Marauder  
  142  15:13  Marine x3  
  141  15:18  Orbital Command  
  121  15:23  Liberator  
  121  15:28  Marine  
  115  15:33  Marine  
  115  16:02  Marine  
  116  16:07  SCV x2  
  116  16:08  SCV  
  117  16:13  Liberator x2  
  114  16:22  SCV  
  114  16:23  SCV x2  
  117  16:40  Orbital Command  
  114  16:55  Marine x6  
  114  16:56  Marine x2  
  124  17:03  SCV x2  
  124  17:05  SCV  
  127  17:12  Marine  
  127  17:13  Marine x3  
  127  17:14  Marauder, Marine x2  
  133  17:15  SCV  
  134  17:32  Marine x3  
  134  17:33  Marine x4  
  134  17:36  Marauder  
  143  17:54  Liberator x2  
  133  17:59  Marine x2  
  133  18:04  Marine x7  
  138  18:13  Orbital Command  
  136  18:23  Marine x3  
  136  18:24  Marine x2  
  125  18:35  Marine x2  
  126  18:54  Marine x4  
  130  19:00  SCV x2  
  124  19:06  Liberator x2, Widow Mine  
  124  19:08  Widow Mine  
  119  19:51  Marine x3  
  119  19:52  Marine x3  
  90  20:11  Marine  
  77  20:21  Marine x4  
  65  20:22  Marine x4  
  73  20:29  Marine  
  74  20:39  Marine x3  
  74  20:42  Marine  
  77  20:54  Marine  
Tags
 
Add a new tag
Caveats
  • Supply blocks, unpowered buildings, or Contaminate may cause inaccurate times.
  • Supply counts are checked every 10 seconds.